 Dungeon Crawl Stone Soup version 0.31-a0-165-g3f4f80340b (webtiles) character file.

Game seed: 13503138242971228411

851 qw the Chopper (level 8, -4/48 HPs)
             Began as a Gargoyle Fighter on June 13, 2023.
             Killed from afar by Maggie (12 damage)
             ... with a bolt of fire
             ... on level 6 of the Dungeon.
             The game lasted 00:01:56 (4812 turns).

qw the Chopper (Gargoyle Fighter)                   Turns: 4812, Time: 00:01:57

Health: -4/48      AC: 18    Str: 23    XL:     8   Next: 1%
Magic:  8/8        EV: 10    Int:  8    God:
Gold:   305        SH:  4    Dex:  9    Spells: 7/7 levels left

rFire   + . .        Y - +1 war axe
rCold   . . .        c - +0 buckler
rNeg    + . .        b - +0 scale mail
rPois   inf          h - +1 helmet
rElec   +            (no cloak)
rCorr   .            (no gloves)
SInv    .            (no boots)
Will    .....        j - amulet of the acrobat Stlth
                     a - +4 ring of protection
HPRegen 0.28/turn    o - ring of protection from fire
MPRegen 0.11/turn

%: acrobat
@: about to teleport
A: sickness immunity, AC +5, negative energy resistance 1, electricity
resistance, torment resistance 1, petrification resistance
a: no special abilities


You were on level 6 of the Dungeon.
You visited 1 branch of the dungeon, and saw 6 of its levels.

You collected 305 gold pieces.


Innate Abilities, Weirdness & Mutations

You are immune to sickness and miasma.
Your stone body is resilient. (AC +5)
You are immune to poison.
You resist negative energy. (rN+)
You are resistant to electric shocks. (rElec)
You are resistant to unholy torment.
You are immune to petrification.


   Skills:
 + Level 4.8 Fighting
 - Level 7.3 Axes
 - Level 3.2 Armour
 - Level 1.5 Dodging
 - Level 3.2 Shields


You had 7 spell levels left.
You didn't know any spells.
Your spell library was empty.

Inventory:

Hand Weapons
 e - a +0 flail
 Y - a +1 war axe (weapon)
Armour
 b - a +0 scale mail (worn)
 c - a +0 buckler (worn)
 h - a +1 helmet (worn)
Jewellery
 a - a +4 ring of protection (left hand)
 j - an amulet of the acrobat (around neck)
 o - a ring of protection from fire (right hand)
Scrolls
 m - 2 scrolls of identify
Potions
 d - a potion of might
 f - a potion of magic {unknown}
 k - a potion of curing {unknown}
 l - a potion of attraction {unknown}
 n - a potion of ambrosia {unknown}
 p - a potion of berserk rage {unknown}
 q - a potion of mutation {unknown}

Dungeon Overview and Level Annotations

Branches:
Dungeon (6/15)
 Temple: D:4-7

Altars:
Ashenzari
Dithmenos
Fedhas
Gozag
Sif Muna
Xom
The Shining One

Annotations:
D:6 Maggie


Message History

You hit Maggie.
Maggie is moderately wounded.
Maggie casts a spell at you. The bolt of fire misses you.
You barely miss Maggie.
Maggie is moderately wounded.
Maggie mumbles some strange words.
Maggie draws you further into her thrall.
You barely miss Maggie.
Maggie is moderately wounded.
Maggie hits you but does no damage.
You closely miss Maggie.
Maggie is moderately wounded.
Maggie barely misses you. Maggie hits you with a +0 glaive.
You hit Maggie.
Maggie is heavily wounded.
Maggie gestures at you while chanting. The bolt of fire hits you. You resist.
You slash Maggie!
Maggie is heavily wounded.
Maggie hits you but does no damage.
You hit Maggie but do no damage.
Maggie is heavily wounded.
Maggie hits you with a +0 glaive.
You slash Maggie!
Maggie is severely wounded.
Maggie barely misses you.
You slash Maggie!
Maggie is almost dead.
Maggie hits you with a +0 glaive! Maggie closely misses you.
4811 ||| READING scroll of teleportation.
As you read the scroll of teleportation, it crumbles to dust.
You feel strangely unstable.
You break out of your daze.
You block Maggie's attack.
You hit Maggie.
Maggie is almost dead.
Maggie casts a spell at you. The bolt of fire hits you! You resist.
You die...

..######.###.....###..# ###### ##
#........##...}...##..#########
########.#.._.%._..##.##(.....###
#.#....#....##..'......'..
#.#.8.###.}.##.##......###
#.#...##....#...#......#
#.#...#.._..#...#......#
#.....#...@##...#......#
#######.}@###.8?########
#....#....# #.._..._..#
##...}...## ##.....## #######


You could see Maggie.

Vanquished Creatures
  A water moccasin (D:6)
  A black bear (D:6)
  A kobold brigand (D:6)
  4 scorpions
  A jelly (D:6)
  2 hounds
  A gnoll bouda (D:5)
  2 iguanas
  4 gnolls (D:5)
  4 adders
  A shadow imp (D:5)
  A white imp (D:5)
  2 worms
  3 dart slugs
  6 orcs
  9 endoplasms
  3 giant cockroaches
  5 goblins
  5 hobgoblins
  7 jackals
  9 kobolds
  2 quokkas
  4 ball pythons
  4 bats
  4 frilled lizards
86 creatures vanquished.

Notes
Turn   | Place    | Note
-------+----------+-------------------------------------------
     0 | D:1      | qw the Gargoyle Fighter began the quest for the Orb.
     0 | D:1      | Reached XP level 1. HP: 14/14 MP: 1/1
     0 | D:1      | 0 ||| qw: Version: 0.2-a-29-gc1b59c4
     0 | D:1      | 0 ||| qw: Game counter: 4774
     0 | D:1      | 0 ||| qw: Always use a shield: true
     0 | D:1      | 0 ||| qw: God list: Okawaru
     0 | D:1      | 0 ||| qw: Allow faded altars: false
     0 | D:1      | 0 ||| qw: Do Orc after D:15 true
     0 | D:1      | 0 ||| qw: Do second Lair branch before Depths: true
     0 | D:1      | 0 ||| qw: Lair rune preference: random
     0 | D:1      | 0 ||| qw: Plans: Normal, Zot:1-4, Slime:5, God:TSO, Crypt,
                  | Tomb, Abyss, Pan, Hells, Win
     0 | D:1      | 0 ||| PLANNING D:1-11
    50 | D:1      | 50 ||| Stepping ~*~*~tactically~*~*~ (stealth).
    58 | D:1      | Reached skill level 2 in Axes
   159 | D:1      | Reached XP level 2. HP: 19/19 MP: 2/2
   396 | D:1      | Found a faded altar of an unknown god.
  1082 | D:1      | 1082 ||| UPGRADING to amulet of the acrobat.
  1087 | D:1      | 1087 ||| READING scroll labelled KAIR TUSIOTTU.
  1088 | D:1      | 1088 ||| READING 3 scrolls labelled YDOEJURCHEISCH.
  1092 | D:1      | 1092 ||| READING scroll labelled HUTHA VOBLAN.
  1093 | D:1      | 1093 ||| READING scroll labelled ENGIQAQETOE.
  1094 | D:1      | 1094 ||| DRINKING 2 inky potions.
  1138 | D:2      | 1138 ||| Stepping ~*~*~tactically~*~*~ (hiding).
  1144 | D:2      | Reached skill level 3 in Axes
  1188 | D:2      | 1188 ||| Stepping ~*~*~tactically~*~*~ (stealth).
  1197 | D:2      | Reached XP level 3. HP: 23/23 MP: 3/3
  1243 | D:2      | Identified the +0 robe of the Blue Moon {rN+ Int+4}
  1389 | D:2      | 1389 ||| Stepping ~*~*~tactically~*~*~ (stealth).
  1406 | D:2      | 1406 ||| Stepping ~*~*~tactically~*~*~ (stealth).
  1462 | D:2      | 1462 ||| Stepping ~*~*~tactically~*~*~ (stealth).
  1620 | D:2      | 1620 ||| UPGRADING to +4 ring of protection.
  1621 | D:2      | 1621 ||| READING scroll labelled GAOLIGROVAS.
  1622 | D:2      | 1622 ||| READING scroll labelled FIHOILUEFE.
  1623 | D:2      | 1623 ||| READING scroll labelled TUNOLOL FIESE.
  1659 | D:3      | 1659 ||| STAIRDANCE
  1692 | D:3      | Found a blossoming altar of Fedhas.
  1744 | D:3      | Found a shadowy altar of Dithmenos.
  1895 | D:3      | Reached XP level 4. HP: 28/28 MP: 4/4
  1920 | D:3      | 1920 ||| Stepping ~*~*~tactically~*~*~ (stealth).
  1952 | D:3      | 1952 ||| Stepping ~*~*~tactically~*~*~ (hiding).
  2087 | D:3      | 2087 ||| Stepping ~*~*~tactically~*~*~ (stealth).
  2097 | D:3      | Reached skill level 4 in Axes
  2214 | D:3      | 2214 ||| DROPPING +0 club.
  2424 | D:3      | 2424 ||| UPGRADING to +0 helmet.
  2429 | D:3      | 2429 ||| READING 2 scrolls of identify.
  2429 | D:3      | 2429 ||| IDENTIFYING lumpy dark potion
  2430 | D:3      | 2430 ||| DROPPING potion of degeneration.
  2490 | D:4      | 2490 ||| DROPPING +0 whip.
  2638 | D:4      | Noticed a scorpion
  2645 | D:4      | Killed a scorpion
  2646 | D:4      | Reached XP level 5. HP: 32/32 MP: 5/5
  2661 | D:4      | 2661 ||| Stepping ~*~*~tactically~*~*~ (stealth).
  2662 | D:4      | 2662 ||| Stepping ~*~*~tactically~*~*~ (stealth).
  2864 | D:4      | Reached skill level 5 in Axes
  3087 | D:4      | Reached XP level 6. HP: 39/39 MP: 6/6
  3437 | D:4      | 3437 ||| READING scroll labelled LOHIHO YJYET.
  3438 | D:4      | 3438 ||| READING scroll labelled IXUNTUHEBACS.
  3476 | D:5      | Entered Level 5 of the Dungeon
  3516 | D:5      | Reached skill level 1 in Dodging
  3530 | D:5      | 3530 ||| Stepping ~*~*~tactically~*~*~ (stealth).
  3532 | D:5      | 3532 ||| FLEEEEING.
  3534 | D:5      | 3534 ||| FLEEEEING.
  3535 | D:5      | 3535 ||| FLEEEEING.
  3536 | D:5      | 3536 ||| FLEEEEING.
  3699 | D:5      | 3699 ||| Stepping ~*~*~tactically~*~*~ (hiding).
  3700 | D:5      | 3700 ||| Stepping ~*~*~tactically~*~*~ (hiding).
  3717 | D:5      | Reached XP level 7. HP: 44/44 MP: 7/7
  3748 | D:5      | Reached skill level 6 in Axes
  3755 | D:5      | 3755 ||| Stepping ~*~*~tactically~*~*~ (stealth).
  3756 | D:5      | 3756 ||| Stepping ~*~*~tactically~*~*~ (stealth).
  3984 | D:5      | 3984 ||| UPGRADING to ring of protection from fire.
  4023 | D:6      | 4023 ||| Stepping ~*~*~tactically~*~*~ (hiding).
  4054 | D:6      | 4054 ||| READING scroll of enchant armour.
  4054 | D:6      | 4054 ||| ENCHANTING +0 helmet.
  4271 | D:6      | Found a shimmering blue altar of Sif Muna.
  4322 | D:6      | Noticed Maggie
  4323 | D:6      | 4323 ||| Stepping ~*~*~tactically~*~*~ (hiding).
  4324 | D:6      | 4324 ||| Stepping ~*~*~tactically~*~*~ (hiding).
  4345 | D:6      | HP: 11/44 [Maggie/+0 glaive (3)]
  4346 | D:6      | 4346 ||| READING 3 scrolls of teleportation.
  4347 | D:6      | 4347 ||| DRINKING potion of heal wounds.
  4497 | D:6      | 4497 ||| Stepping ~*~*~tactically~*~*~ (stealth).
  4505 | D:6      | Reached skill level 7 in Axes
  4536 | D:6      | Found a broken altar of Ashenzari.
  4540 | D:6      | Found a shimmering altar of Xom.
  4548 | D:6      | Reached XP level 8. HP: 48/48 MP: 8/8
  4549 | D:6      | Found an opulent altar of Gozag.
  4549 | D:6      | Found a glowing golden altar of the Shining One.
  4550 | D:6      | 4550 ||| Stepping ~*~*~tactically~*~*~ (hiding).
  4573 | D:6      | HP: 10/48 [Maggie/+0 glaive (4)]
  4574 | D:6      | 4574 ||| READING 2 scrolls of teleportation.
  4810 | D:6      | HP: 8/48 [Maggie/+0 glaive (8)]
  4811 | D:6      | 4811 ||| READING scroll of teleportation.
  4812 | D:6      | Killed from afar by Maggie

Levels and vault maps discovered:
D:1:      erik_arrival_cave_to_civilisation [erik_arrival_cave_to_hall],
          layout_basic, dreamdust_ecumenical_altar_grove,
          dreamdust_princess_bridge
D:2:      layout_rooms
D:3:      layout_basic, fedhas_altar_2, mainiacjoe_overflow_surrounded_room
D:4:      layout_basic, grunt_ministairs_5, minmay_tree_intersection
D:5:      layout_cave_pools
D:6:      layout_basic, nicolae_overflow_hallway_of_the_gods,
          roderic_serpentine_path, uniq_maggie

Skill      XL: |  1  2  3  4  5  6  7 |
---------------+----------------------+-----
Axes           | 2 3 4 5 7 |  7.3
Fighting       | 4 |  4.8
Dodging        | 1 |  1.5
Armour         | |  3.2
Shields        | |  3.2

Action                     |  1- 3 |  4- 6 |  7- 9 || total
---------------------------+-------+-------+-------++-------
  Melee: War axe           |    68 |   123 |   111 ||   302
    Use: Scroll            |     7 |     3 |     4 ||    14
         Potion            |     1 |       |     1 ||     2
 Armour: Scale mail        |    22 |    63 |    46 ||   131
  Dodge: Dodged            |    30 |    45 |    41 ||   116
  Block: Buckler           |    10 |    22 |    17 ||    49

Table legend:
 A = Non-vault XP
 B = Vault XP
 C = Vault XP percentage of total XP
 D = Non-vault monster count
 E = Vault monster count
 F = Vault count percentage of total count
                 A         B        C        D         E       F
            +---------+---------+-------+---------+---------+-------
      Total |    1171 |      46 |   3.8 |      82 |       4 |   4.7
            +---------+---------+-------+---------+---------+-------
        D:1 |      15 |       4 |  21.1 |       7 |       2 |  22.2
        D:2 |      58 |       0 |   0.0 |      23 |       0 |   0.0
        D:3 |      29 |       0 |   0.0 |      15 |       0 |   0.0
        D:4 |     228 |      42 |  15.6 |      13 |       2 |  13.3
        D:5 |     335 |       0 |   0.0 |      12 |       0 |   0.0
        D:6 |     506 |       0 |   0.0 |      12 |       0 |   0.0
            +---------+---------+-------+---------+---------+-------
